Mandevil, lawful female human Priestess --- --- --- -..--.--- -- -- | |..-- .......| ---.| | |.. --. --..... .....| ---...| |.. ---------- -----............. -.%.------....- --- ------...................................-----......--*....| |...................................................%.............--- - ------- ---- ---- |...^.<....-------.-..........-- ----......-- |.o......--...| -...... --......--|..-- |...... |......----.-- --...(. --....a.| |..| ....| --.--^@.-...-- -.| ---...#.....| -- ####**....- ##)*.... ######## 0* #*#### # 0#### Mandevil the Adept Experience level: 6 Strength: 10 Dexterity: 14 Constitution: 16 Intelligence: 9 Wisdom: 18 Charisma: 9 Health: 0(51) Energy: 97(97) AC: 7 Gold: 159 Moves: 1828 Your Inventory: Coins $ - 159 gold pieces Weapons a - a blessed +1 mace (weapon in hand) Armor b - an uncursed +0 robe (being worn) c - an uncursed +0 small shield (being worn) i - an uncursed +0 iron skull cap [orcish helm] p - a cursed [-2] pair of hiking boots [levitation] Comestibles e - an uncursed clove of garlic f - an uncursed sprig of wolfsbane Scrolls t - an uncursed scroll labeled VAS CORP BET MANI [of identify] Spellbooks g - an uncursed spellbook of create monster h - an uncursed spellbook of detect monsters o - an uncursed dusty spellbook [of extra healing] Potions d - 4 potions of holy water n - an uncursed potion of water Wands r - a cursed wand of lightning [0:3] Tools m - an uncursed oil lamp (lit) (0:511) u - an uncursed [tallow] candle Spells known in the end: Name Level Category Fail Memory a - create monster 2 clerical 0% [||||||||] b - detect monsters 1 divination 0% [||||||||] Your skills at the end: Fighting Skills Weapon Skills mace [Basic / Expert] Spellcasting Skills clerical spells [Basic / Expert] Final Attributes: You were devoutly aligned. Hunger level was 354. Your alignment was 19 / 19. Monster difficulty range was 1 - 6. Level difficulty was 6. Your luck was zero. You are dead. Vanquished creatures: a soldier ant a violet fungus 4 gnome lords a straw golem 3 hill orcs a werejackal an iguana an acid blob a hobbit a hobgoblin 25 gnomes a gecko 2 jackals a fox 3 goblins a sewer rat 3 grid bugs 2 lichens 2 kobold zombies 3 newts 58 creatures vanquished. Voluntary challenges: You were an atheist. You used a wielded weapon 52 times. You read items or engraved 1 time. You put on armor 5 times. You never genocided any monsters. You never polymorphed an object. You never changed form. You used no wishes. You never wrote Elbereth's name. You never encountered a bones level. You never used any Sokoban shortcuts. Dungeon overview: The Dungeons of Doom: levels 1 to 3 Level 1 a fountain a long staircase Level 2 a potion shop Level 3 a delicatessen stairs to The Gnomish Mines The Gnomish Mines: levels 4 to 6 Level 4 stairs to The Dungeons of Doom Level 6 <- You were here History has recorded: On T:1 you entered the Dungeons of Doom to retrieve the Amulet of Yendor! On T:170 you advanced to experience level 2. On T:405 you reached level 2 of The Dungeons of Doom. On T:961 you reached level 3 of The Dungeons of Doom. On T:1237 you advanced to experience level 3. On T:1281 you reached level 1 of The Gnomish Mines. On T:1291 you advanced to experience level 4. On T:1362 you reached level 2 of The Gnomish Mines. On T:1367 you advanced to experience level 5. On T:1499 you reached level 3 of The Gnomish Mines. On T:1512 you advanced to experience level 6. Latest messages: The hill orc picks up an iron skull cap. The hill orc removes an iron skull cap and puts on an iron skull cap. You hit the hill orc! You miss the hill orc. The soldier ant bites! The soldier ant stings! [HP-12=25] The hill orc picks up a curved sword. [HP+1=26] You kill the soldier ant! The bolt of lightning bounces! The hill orc falls into a pit! The hill orc is killed! The hill orc falls into a pit! The hill orc picks up some gold. The hill orc picks up a crude dagger. [HP+1=27] The soldier ant bites! The soldier ant stings! The soldier ant bites! The soldier ant stings! You die... Final status: Goodbye Mandevil the Priestess... You died in The Gnomish Mines on dungeon level 6 with 1332 points, and 159 pieces of gold, after 1828 moves. You were level 6 with a maximum of 51 hit points when you died.